 Dungeon Crawl Stone Soup version 0.29.1-4-g47bece8355 (webtiles) character file.

Game seed: 7492297224547424114

121 fantasyman the Conjurer (level 5, -3/37 HPs)
             Began as a Gnoll Conjurer on Dec 5, 2022.
             Killed from afar by Sigmund (13 damage)
             ... with a puff of flame
             ... on level 3 of the Dungeon.
             The game lasted 00:02:05 (2793 turns).

fantasyman the Conjurer (Gnoll Conjurer)            Turns: 2793, Time: 00:02:05

Health: -3/37      AC:  3    Str:  6    XL:     5   Next: 5%
Magic:  1/12       EV: 12    Int: 19    God:
Gold:   133        SH:  0    Dex: 11    Spells: 11/14 levels left

rFire   . . .      SeeInvis .     - Unarmed
rCold   . . .      Faith    .   (no shield)
rNeg    . . .      Spirit   .   l - +0 leather armour
rPois   .          Reflect  .   (no helmet)
rElec   .          Harm     .   (no cloak)
rCorr   .          Rampage  .   (no gloves)
Will    .....                   (no boots)
Stlth   ++........              (no amulet)
HPRegen 0.12/turn               (no ring)
MPRegen 0.13/turn               (no ring)

@: no status effects
A: fangs 1, strong nose, distributed training
a: no special abilities


You were on level 3 of the Dungeon.
You visited 1 branch of the dungeon, and saw 3 of its levels.

You collected 133 gold pieces.

Inventory:

Armour
 a - a +0 robe
 l - a +0 leather armour (worn)
Scrolls
 c - a scroll of enchant armour
 h - 4 scrolls of fear {unknown}
 j - a scroll of acquirement {unknown}
 k - a scroll of teleportation {unknown}
 m - a scroll of identify
Potions
 b - a potion of magic
 d - 2 potions of haste {unknown}
 f - a potion of might {unknown}
 g - a potion of mutation {unknown}
 i - a potion of cancellation {unknown}


   Skills:
 + Level 1.4 Fighting
 + Level 1.4 Short Blades
 + Level 1.4 Long Blades
 + Level 1.4 Axes
 + Level 1.4 Maces & Flails
 + Level 1.4 Polearms
 + Level 1.4 Staves
 + Level 1.4 Ranged Weapons
 + Level 1.4 Throwing
 + Level 1.4 Armour
 + Level 4.7 Dodging
 + Level 4.3 Stealth
 + Level 1.4 Shields
 + Level 1.4 Unarmed Combat
 + Level 5.1 Spellcasting
 + Level 7.2 Conjurations
 + Level 1.1 Hexes
 + Level 1.1 Summonings
 + Level 1.1 Necromancy
 + Level 1.1 Translocations
 + Level 1.1 Transmutations
 + Level 1.1 Fire Magic
 + Level 1.1 Ice Magic
 + Level 1.1 Air Magic
 + Level 1.1 Earth Magic
 + Level 1.1 Poison Magic
 + Level 1.5 Invocations
 + Level 1.4 Evocations


You had 11 spell levels left.
You knew the following spells:

 Your Spells              Type           Power      Damage    Failure   Level
a - Magic Dart            Conj           100%       1d8       1%          1
b - Searing Ray           Conj           64%        2d6       1%          2

Your spell library contained the following spells:

 Spells                   Type           Power      Damage    Failure   Level
 Dazzling Flash           Conj/Hex       40%        N/A       10%         3
 Fulminant Prism          Conj/Hex       10%        3d9       32%         4
 Iskenderun's Mystic Bla  Conj/Tloc      20%        2d6       32%         4
 Portal Projectile        Hex/Tloc       18%        N/A       34%         3
 Tukima's Dance           Hex            9%         N/A       34%         3
 Blade Hands              Tmut           4%         N/A       97%         5


Dungeon Overview and Level Annotations

Branches:
Dungeon (3/15)

Altars:

Annotations:
D:3 Sigmund


Innate Abilities, Weirdness & Mutations

You have very sharp teeth.
Your uncanny sense of smell can sniff out nearby items.
Your experience applies equally to all skills.


Message History

The magic dart hits the hobgoblin but does no damage.
The hobgoblin is heavily wounded.
There are monsters nearby!
The magic dart hits the hobgoblin but does no damage.
The hobgoblin is heavily wounded.
Your magical contamination has completely faded away.
There are monsters nearby!
Casting: Magic Dart (safe; 1% risk of failure)
Confirm with . or Enter, or press ? or * to list all spells.
Aiming: Searing Ray (safe; 1% risk of failure)
Press: ? - help, Shift-Dir - straight line, f/p - hobgoblin
Aim: a hobgoblin (heavily wounded, 81% to hit)
The searing ray hits the hobgoblin.
You kill the hobgoblin!
The searing ray hits Sigmund!
Sigmund is moderately wounded.
The searing ray misses the kobold. (Press . to maintain the ray.) Sigmund barely misses you.
The searing ray misses Sigmund.
The searing ray hits the kobold!
You kill the kobold!
The searing ray hits Sigmund.
Sigmund is heavily wounded.
Sigmund hits you from afar with a +0 scythe.
The searing ray hits Sigmund.
Sigmund is severely wounded.
You finish channelling your searing ray.
Sigmund gestures at you while chanting. The puff of flame hits you!
Sigmund gestures at you while chanting. You resist with some effort.
Sigmund casts a spell at you. The magic dart hits you!
You hear the brisk rusting of a distant drain.
Sigmund casts a spell at you. The magic dart hits you.
* * * LOW HITPOINT WARNING * * *
Sigmund gestures at you while chanting. The puff of flame hits you!
You die...

# .......# . # #(.....######. #
##............ #
#######.....^....... #
#................... ##
#................... .#
##..#.###............ .######
#.........@....).....
......#######.##@.#........$.....
#.###.........#...#..........?...
#.##............#.#..........)...
#.....)......###..#......#....)..
###..........# .##......#..#....
..#...........#.# #........##....
..)............. ####..#.## ....
..)..........#..# ....#
................#


You could see Sigmund.

Vanquished Creatures
  Terence (D:3)
  A gnoll (D:1)
  2 adders
  A white imp (D:3)
  4 orcs (D:2)
  5 ball pythons
  7 endoplasms
  3 giant cockroaches
  7 goblins
  5 hobgoblins
  3 kobolds
  2 quokkas (D:2)
  3 bats
  3 frilled lizards (D:2)
  6 rats
53 creatures vanquished.

Notes
Turn   | Place    | Note
-------+----------+-------------------------------------------
     0 | D:1      | fantasyman the Gnoll Conjurer began the quest for the Orb.
     0 | D:1      | Reached XP level 1. HP: 13/13 MP: 6/6
   255 | D:1      | Reached XP level 2. HP: 19/19 MP: 3/7
   688 | D:1      | Reached skill level 5 in Spellcasting
   688 | D:1      | Reached XP level 3. HP: 25/25 MP: 4/9
  1202 | D:2      | Learned a level 2 spell: Searing Ray
  1227 | D:2      | Reached skill level 1 in Invocations
  1421 | D:2      | Reached skill level 1 in Fighting
  1421 | D:2      | Reached skill level 1 in Short Blades
  1421 | D:2      | Reached skill level 1 in Long Blades
  1421 | D:2      | Reached skill level 1 in Axes
  1421 | D:2      | Reached skill level 1 in Maces & Flails
  1421 | D:2      | Reached skill level 1 in Polearms
  1421 | D:2      | Reached skill level 1 in Staves
  1421 | D:2      | Reached skill level 1 in Ranged Weapons
  1421 | D:2      | Reached skill level 1 in Throwing
  1421 | D:2      | Reached skill level 1 in Armour
  1421 | D:2      | Reached skill level 1 in Shields
  1421 | D:2      | Reached skill level 1 in Unarmed Combat
  1421 | D:2      | Reached skill level 1 in Evocations
  1676 | D:2      | Reached XP level 4. HP: 32/32 MP: 4/11
  2401 | D:3      | Reached skill level 1 in Hexes
  2401 | D:3      | Reached skill level 1 in Summonings
  2401 | D:3      | Reached skill level 1 in Necromancy
  2401 | D:3      | Reached skill level 1 in Translocations
  2401 | D:3      | Reached skill level 1 in Transmutations
  2401 | D:3      | Reached skill level 1 in Fire Magic
  2401 | D:3      | Reached skill level 1 in Ice Magic
  2401 | D:3      | Reached skill level 1 in Air Magic
  2401 | D:3      | Reached skill level 1 in Earth Magic
  2401 | D:3      | Reached skill level 1 in Poison Magic
  2436 | D:3      | Noticed Terence
  2449 | D:3      | Killed Terence
  2729 | D:3      | Reached XP level 5. HP: 37/37 MP: 8/12
  2773 | D:3      | Noticed Sigmund
  2793 | D:3      | Killed from afar by Sigmund

Illustrated notes

Levels and vault maps discovered:
D:1:      matt_arrival_spirals, layout_loops_ring, minmay_misc_feat_more_columns
D:2:      layout_basic
D:3:      layout_rooms, dk_yredelemnul_ordeal, gup_sewer_entry_glass,
          chequers_serial_rivers_micro_b, uniq_robin, uniq_sigmund, uniq_terence

Skill      XL: |  1  2  3  4 |
---------------+-------------+-----
Spellcasting   | 5 |  5.1
Invocations    | 1 |  1.5
Fighting       | 1 |  1.4
Short Blades   | 1 |  1.4
Long Blades    | 1 |  1.4
Axes           | 1 |  1.4
Maces & Flails | 1 |  1.4
Polearms       | 1 |  1.4
Staves         | 1 |  1.4
Ranged Weapons | 1 |  1.4
Throwing       | 1 |  1.4
Armour         | 1 |  1.4
Shields        | 1 |  1.4
Unarmed Combat | 1 |  1.4
Evocations     | 1 |  1.4
Hexes          | 1 |  1.1
Summonings     | 1 |  1.1
Necromancy     | 1 |  1.1
Translocations | 1 |  1.1
Transmutations | 1 |  1.1
Fire Magic     | 1 |  1.1
Ice Magic      | 1 |  1.1
Air Magic      | 1 |  1.1
Earth Magic    | 1 |  1.1
Poison Magic   | 1 |  1.1
Dodging        | |  4.7
Stealth        | |  4.3
Conjurations   | |  7.2

Action                   |  1- 3 |  4- 6 || total
-------------------------+-------+-------++-------
Melee: Unarmed           |       |     4 ||     4
 Cast: Magic Dart        |    63 |    40 ||   103
       Searing Ray       |       |     1 ||     1
  Use: Scroll            |     1 |     1 ||     2
Armor: Leather armour    |       |     3 ||     3
Dodge: Dodged            |       |    12 ||    12
